AoeStats
← Wolf Slayer

Coastal Forest

510765432Analyzed
4v4 RM · 1d ago on Oct 2, 2026· 36m 25s· 8 players
Game mode
Random Map
Map size
Large (8 player)
Population
200
Speed
Normal
Resources
Standard
Victory
Conquest
Starting age
Dark Age
Ending age
Imperial Age
RankedLock teamsTeams togetherTeam positionsShared explorationLock speedFull tech treeHidden civsTurbo modeCheats
Victory
Defeat
🇲🇽 Tatars · Mexico
1686
+15
🇨🇳 Khmer · China
1638
+17
1626
+17
🇨🇳 Saracens · China
1589
+19
🇮🇹 Jurchens · Italy
1732
-20
🇺🇸 Bengalis · United States
1732
-20
🇬🇧 Georgians · United Kingdom
1602
-15
🇨🇴 Inca · Colombia
1559
-13
Ux'Dannyechauri
6:39 Loom
9:26 Feudal Age
9:53 Fishing Lines
10:57 Double-Bit Axe
20:17 Castle Age
18:26 Fletching
19:45 Bloodlines
20:45 Gold Mining
20:55 Bodkin Arrow
21:01 Husbandry
23:43 Padded Archer Armor
26:44 Ballistics
28:29 Horse Collar
30:30 Wheelbarrow
30:44 Town Watch
31:29 Heavy Plow
31:50 Bow Saw
33:37 Hand Cart
38:15 Imperial Age
35:10 Light Cavalry
35:55 Stone Mining
36:29 Scale Barding Armor
37:12 Gold Shaft Mining
37:05 Forging
Yucatan_water_supremacy
6:16 Double-Bit Axe
8:06 Loom
11:17 Feudal Age
12:32 Town Watch
15:34 Castle Age
13:20 Horse Collar
14:19 Gold Mining
15:12 Bow Saw
16:17 Scale Barding Armor
26:21 Wheelbarrow
25:49 Husbandry
26:51 Chain Barding Armor
26:15 Cavalier
30:28 Hand Cart
38:28 Imperial Age
SAVIOR
Sandwich
8:52 Feudal Age
11:14 Loom
11:47 Fletching
13:23 Padded Archer Armor
21:28 Castle Age
21:39 Crossbowman
22:21 Bodkin Arrow
29:51 Thumb Ring
34:50 Wheelbarrow
Wolf Slayer
2:14 Loom
10:08 Feudal Age
14:58 Fletching
18:12 Double-Bit Axe
19:39 Padded Archer Armor
26:44 Castle Age
24:44 Horse Collar
26:48 Crossbowman
27:35 Bodkin Arrow
Dott_Berlu
6:52 Loom
9:12 Feudal Age
9:58 Double-Bit Axe
9:53 Horse Collar
13:52 Scale Barding Armor
20:46 Castle Age
19:30 Gold Mining
20:01 Bloodlines
22:42 Chain Barding Armor
30:01 Bow Saw
32:18 Fletching
Heyfai
9:06 Loom
11:09 Feudal Age
12:01 Double-Bit Axe
16:36 Castle Age
16:25 Gold Mining
18:25 Medium Warships
19:48 Bow Saw
23:46 Wheelbarrow
23:26 Scale Barding Armor
23:48 Husbandry
25:07 Horse Collar
26:43 Bloodlines
27:38 Chain Barding Armor
28:17 Forging
28:21 Fishing Lines
29:41 Gold Shaft Mining
35:11 Imperial Age
32:50 Stone Mining
36:29 Plate Barding Armor
The .Gocho
Connection lost

Rejoining the realm…

Still unreachable

The connection could not be restored.

Session expired

The server has moved on; the page needs a fresh start.